Nobbs, neutral male human Tourist ----- ##-...| ------ # |....# |...<| ### |...|# |...(. # -----# |....| # # |..... # # --|--- # # # # ### ### ## -----## # # # |...|# ################# ######## ######### |...|# -.-+------ # -.--- # |...|### ----- |...B@...| ##....-######### ....-# # |...| |........| |...| |...| ###|...| |........| |...| ----- #-....##%%######.[.......| ----- |...| |........| ----- ---------- Nobbs the Sightseer Experience level: 3 Strength: 11 Dexterity: 11 Constitution: 16 Intelligence: 12 Wisdom: 10 Charisma: 15 Health: 0(28) Energy: 12(12) Def: 1 Gold: 753 Moves: 1252 Dungeon seed: N3c0DRROSeExxEc7 Game ID: Nobbs_1510417117 Your Inventory: Coins $ - 753 gold pieces Wands A - a wand of cancellation (0:3) Weapons a - 27 +2 darts (in quiver) o - a +0 long sword (weapon in hand) x - a +0 orcish dagger D - a +0 katana Armor e - a blessed +0 Hawaiian shirt (being worn) q - an uncursed +0 orcish helm (being worn) r - an uncursed +0 orcish cloak Comestibles b - 2 uncursed tins of kobold meat c - an uncursed pancake d - 2 uncursed fortune cookies f - 2 uncursed food rations g - 2 uncursed oranges h - an uncursed tripe ration i - an uncursed apple p - 2 uncursed lichen corpses Scrolls s - an uncursed scroll of identify u - an uncursed scroll of teleportation E - an uncursed scroll of remove curse F - an uncursed scroll of magic mapping Spellbooks y - an uncursed spellbook of blank paper Potions B - an uncursed potion of healing Tools m - an expensive camera (0:83) n - an uncursed credit card v - an uncursed pair of lenses w - an uncursed bag of holding C - an uncursed towel Contents of the bag of holding: a blessed scroll of light 4 uncursed scrolls of magic mapping a blessed potion of extra healing an uncursed potion of extra healing Spells and supernatural/magical abilities: Name Level Category Fail Memory W - pray for help -- divine ? -- Your skills at the end: Fighting Skills Weapon Skills dart [Basic] Spellcasting Skills Final Attributes: You were fervently aligned. You are dead. Vanquished creatures: a little dog a giant bat a werejackal an iguana 2 geckos 4 jackals 2 goblins a sewer rat 2 grid bugs a bat 5 lichens 7 newts 28 creatures vanquished. Voluntary challenges: You were an atheist. You used a wielded weapon 8 times, starting on turn 181. You read items or engraved 31 times, starting on turn 502. You never genocided any monsters. You never polymorphed an object. You never changed form. You used no wishes. You never split a pudding. You wrote Elbereth's name 29 times, starting on turn 502. You never violated your personal moral code. Dungeon overview: The Dungeons of Doom: levels 1 to 4 Level 1 a sink a long staircase Level 2 Level 3 a general store, a fountain stairs to The Gnomish Mines Level 4 <- You were here The Gnomish Mines: Level 4 stairs to The Dungeons of Doom History has recorded: On T:1 you entered the Dungeons of Doom to retrieve the Amulet of Yendor! On T:308 you reached level 2 of The Dungeons of Doom. On T:404 you advanced to experience level 2. On T:452 you reached level 3 of The Dungeons of Doom. On T:605 you advanced to experience level 3. On T:793 you reached level 4 of The Dungeons of Doom. On T:829 you reached level 1 of The Gnomish Mines. Score breakdown: Gold: 351 ( 8662 points) Experience: 3 levels ( 7878 points) Exploration: 4 levels ( 8.00%) ( 7423 points) Discoveries: 2 items ( 0.67%) ( 2457 points) Valuables value: (no points given unless you survive) Artifact value: 0 ( 0 points) Variety of kills: 12 monsters ( 3.15%) ( 5324 points) Turncount: 1252 turns ( 0 points) Survival: died (score multiplied by 80%) Total score: 25395 Latest messages: You kill the newt! You hear bubbling water. You see here a giant bat corpse. You write in the dust with your fingers. The iguana bites! You add to the writing in the dust with your fingers. (2x) The iguana turns to flee! The dart hits it. The dart misses. You kill the iguana! Something is written here in the dust. You read: "[l|erethElberctnElbe?ethElbVrcthElb rvthEl|ere?hElberethElbereth". You see here an iguana corpse. a - 2 +2 darts (in quiver). You see here a scale mail. $ - 16 gold pieces. You hear the chime of a cash register. The giant bat bites! (6x) You die... Final status: Aloha Nobbs the Tourist, killed by a giant bat... You died in The Dungeons of Doom on dungeon level 4 with 25395 points, and 753 pieces of gold, after 1252 moves. You were level 3 with a maximum of 28 hit points when you died.